 Dungeon Crawl Stone Soup version 0.30-a0-269-gf0224bf7b6 (webtiles) character file.

Game seed: 15369059618229465191

111 greasedhog the Trooper (level 4, -21/45 HPs)
             Began as a Gargoyle Chaos Knight on Oct 15, 2022.
             Was a Plaything of Xom.
             Killed by an exploding goblin (24 damage)
             ... ignited by their inner flame
             ... on level 3 of the Dungeon.
             The game lasted 00:04:01 (1440 turns).

greasedhog the Trooper (Gargoyle Chaos Knight)      Turns: 1440, Time: 00:04:01

Health: -21/45     AC: 22    Str: 15 (18) XL:     4   Next: 92%
Magic:  4/4        EV:  2    Int:  9 (12) God:    Xom [...*..]
Gold:   103        SH:  0    Dex:  7 (9)  Spells: 3/3 levels left

rFire   . . .      SeeInvis .    a - +0 mace (chaos)
rCold   . . .      Faith    .    (no shield)
rNeg    + . .      Spirit   .    (body armour currently unavailable)
rPois   ∞          Reflect  .    (helmet currently unavailable)
rElec   .          Harm     .    (cloak currently unavailable)
rCorr   .          Rampage  .    (gloves currently unavailable)
Will    .....      NoTele   +    (boots currently unavailable)
Stlth   +.........               (no amulet)
HPRegen 0.27/turn                (no ring)
MPRegen 0.09/turn                (no ring)

@: tree-form, weak-willed
A: stationary, stasis, torment immunity, boosted hp, sickness immunity, AC +3,
negative energy resistance 1, (electricity resistance), torment resistance 1,
petrification resistance
a: Renounce Religion


You were on level 3 of the Dungeon.
You worshipped Xom.
You were a favourite toy of Xom.
You were a tree.
You visited 1 branch of the dungeon, and saw 3 of its levels.

You collected 103 gold pieces.

Inventory:

Hand Weapons
 a - a +0 mace of chaos (weapon)
 k - a +0 flail
Armour
 b - a +2 leather armour (melded)
Scrolls
 d - a scroll of teleportation
 e - a scroll of immolation
 j - a scroll of butterflies {unknown}
Miscellaneous
 c - a piece from Xom's chessboard (15/15) (quivered)


   Skills:
 * Level 4.8 Fighting
 * Level 4.3 Maces & Flails
 - Level 2.1 Armour
 - Level 0.7 Dodging


You had 3 spell levels left.
You didn't know any spells.
Your spell library was empty.

Dungeon Overview and Level Annotations

Branches:
Dungeon (3/15)

Altars:
Elyvilon
Sif Muna


Innate Abilities, Weirdness & Mutations

You are a tree.
Your roots penetrate the ground, keeping you stationary.
You cannot be teleported.
You are immune to unholy pain and torment.
Your maximum health is greatly increased.
Your equipment is partially melded.
You are immune to sickness and miasma.
((Your stone body is resilient. (AC +3)))
You are immune to poison.
You resist negative energy. (rN+)
((You are resistant to electric shocks. (rElec)))
You are resistant to unholy torment.
You are immune to petrification.


Message History

Sigmund hits you but does no damage. The goblin hits you but does no damage.
You hit Robin but do no damage.
Robin is poisoned.
Robin is almost dead.
Robin barely misses you. The goblin hits you but does no damage.
Robin hits you but does no damage. The goblin hits you but does no damage.
Sigmund barely misses you. The goblin hits you but does no damage.
You hit Robin. Lightning courses through Robin!
You kill Robin!
The goblin hits you but does no damage. The goblin hits you with a +0 dagger.
* * * LOW HITPOINT WARNING * * *
Unknown command.
You miss the goblin.
The goblin no longer looks unusually strong.
Sigmund screams, "Die, monster!"
Sigmund gestures at you while chanting. The magic dart hits you.
* * * LOW HITPOINT WARNING * * *
The goblin hits you but does no damage. x2
Sigmund says, "Now you see me, now you don't..."
Sigmund hits you but does no damage.
You cannot teleport because you are held in place by your roots.
You hit the goblin. You freeze the goblin.
The goblin is severely wounded.
The goblin hits you but does no damage. x2
As you read the scroll labelled CUG CEGGUGEI, it crumbles to dust.
The creatures around you are filled with an inner flame!
It was a scroll of immolation.
Sigmund hits you but does no damage.
The goblin hits you but does no damage. x2
As you read the scroll labelled CUUR OVAIM, it crumbles to dust.
Magic quickly surges around you.
It was a scroll of vulnerability.
The goblin hits you but does no damage. The goblin hits you with a +0 dagger.
* * * LOW HITPOINT WARNING * * *
Sigmund gestures at you while chanting.
The magic dart hits you but does no damage.
You hit the goblin.
The goblin explodes!
The fiery explosion engulfs Sigmund!!
The fiery explosion engulfs you!!
Ouch! That really hurt!
You die...
Xom snickers!

#.. ####.≈.#.....≈.#
#... #...)≈.#####.≈.#
....## #....≈.......≈
#.....##....≈≈≈≈≈≈≈≈≈
..............g......
.....................
.....§§§.########....
.....§§§g##.....+....
#######♣###.# ### #.#
#.# #.# #B# #.# #.#
#.#


You could see a goblin (inner flame, weak-willed).

Vanquished Creatures
  Sigmund (D:3)
  An orc priest (D:3)
  Robin (D:3)
  An adder (D:2)
  2 orcs (D:3)
  11 bats
  3 endoplasms
  11 goblins
  9 hobgoblins
  A quokka (D:2)
  5 ball pythons
  4 frilled lizards
  7 kobolds
  7 rats
64 creatures vanquished.

Notes
Turn   | Place    | Note
-------+----------+-------------------------------------------
     0 | D:1      | greasedhog the Gargoyle Chaos Knight began the quest for
                  | the Orb.
     0 | D:1      | Reached XP level 1. HP: 14/14 MP: 1/1
    51 | D:1      | XOM: silly message
   115 | D:1      | Reached XP level 2. HP: 19/19 MP: 2/2
   220 | D:1      | Reached XP level 3. HP: 22/24 MP: 3/3
   423 | D:1      | XOM: silly message
   514 | D:2      | XOM: cloud trail
   609 | D:2      | XOM: silly message
   749 | D:2      | Found a white marble altar of Elyvilon.
  1254 | D:3      | Reached XP level 4. HP: 30/30 MP: 4/4
  1287 | D:3      | Found a shimmering blue altar of Sif Muna.
  1287 | D:3      | XOM: 4-stop teleportation journey
  1345 | D:3      | XOM: 3-stop teleportation journey
  1383 | D:3      | Noticed Sigmund
  1414 | D:3      | Noticed Robin
  1416 | D:3      | XOM: smoke on damage
  1435 | D:3      | Killed Robin
  1440 | D:3      | Killed Sigmund
  1440 | D:3      | Killed by an exploding goblin... ignited by their inner
                  | flame

Illustrated notes

Levels and vault maps discovered:
D:1:      onia_arrival_mini_spirals, layout_rooms
D:2:      layout_basic, basic_altar, minmay_pentomino_u2
D:3:      layout_basic, mainiacjoe_overflow_brackets, serial_curves,
          eino_curves_01, eino_curves_02, eino_curves_02, uniq_grinder,
          uniq_sigmund, uniq_robin, uniq_crazy_yiuf_cottage

Skill      XL: |  1  2  3 |
---------------+----------+-----
Fighting       | 4 |  4.8
Maces & Flails | 4 |  4.3
Armour         | |  2.1
Dodging        | |  0.7

Action                   |  1- 3 |  4- 6 || total
-------------------------+-------+-------++-------
Melee: Mace              |   124 |    61 ||   185
       Punch             |       |     1 ||     1
  Use: Scroll            |     4 |     2 ||     6
       Potion            |       |     4 ||     4
Armor: Leather armour    |    74 |    27 ||   101
       Skin              |       |    48 ||    48
Dodge: Dodged            |    99 |    43 ||   142

Table legend: (Time is in decaauts)
 A = Elapsed time spent in this place.
 B = Non-inter-level travel time spent in this place.
 C = Inter-level travel time spent in this place.
 D = Time resting spent in this place.
 E = Time spent auto-exploring this place.
 F = Levels seen in this place.
 G = Mean time per level.
                   A        B        C        D        E       F      G
               +--------+--------+--------+--------+--------+-----+--------+
         Total |   1481 |   1430 |     51 |    142 |    815 |   3 |  493.7 |
       Dungeon |   1481 |   1430 |     51 |    142 |    815 |   3 |  493.7 |
               +--------+--------+--------+--------+--------+-----+--------+

Top non-repeatable levels by time:
     D:2: 721 daAuts
     D:1: 511 daAuts
     D:3: 249 daAuts
